 Dungeon Crawl Stone Soup version 0.30-a0-948-g4fa250aae5 (webtiles) character file.

Game seed: 16691354852319873879

933 fozzywoppz the Insei (level 8, -4/54 HPs)
             Began as an Octopode Transmuter on Mar 27, 2023.
             Slain by an ice beast (14 damage)
             ... on level 6 of the Dungeon.
             The game lasted 00:21:45 (5736 turns).

fozzywoppz the Insei (Octopode Transmuter)          Turns: 5736, Time: 00:21:46

Health: -4/54      AC:  1    Str: 12    XL:     8   Next: 11%
Magic:  10/14      EV: 14    Int: 15    God:
Gold:   157        SH:  0    Dex: 12    Spells: 8/15 levels left

rFire   . . .      SeeInvis .      - Unarmed
rCold   . . .      Faith    .    (no shield)
rNeg    . . .      Spirit   .    (helmet currently unavailable)
rPois   .          Reflect  .    r - amulet of the acrobat
rElec   +          Rampage  .    (no ring)
rCorr   .                        (no ring)
Will    .....                    (no ring)
Stlth   ++                       (no ring)
HPRegen 0.29/turn                (no ring)
MPRegen 0.14/turn                (no ring)
                                 (no ring)
                                 (no ring)

@: appendages, wereblooded
A: tentacle spike 3, almost no armour, amphibious, 8 rings, camouflage 1,
gelatinous body 1, (nimble swimmer 1), tentacles, deterioration 1, electricity
resistance, evolution 1
a: End Transformation


You were on level 6 of the Dungeon.
One of your tentacles had grown a beastly spike.
You visited 1 branch of the dungeon, and saw 6 of its levels.
You also visited: Sewer.

You collected 361 gold pieces.
You spent 204 gold pieces at shops.

Inventory:

Missiles
 c - 23 poisoned darts
Jewellery
 r - an amulet of the acrobat (around mantle)
 t - a ring of fire
Wands
 g - a wand of mindburst (8)
 o - a wand of roots (4)
Scrolls
 h - 2 scrolls of enchant weapon
 i - a scroll of noise
 j - a scroll of teleportation
 m - a scroll of fear
 s - a scroll of immolation
Potions
 a - a potion of lignification
 b - 3 potions of flight
 d - 2 potions of ambrosia
 e - 2 potions of invisibility
 f - a potion of attraction
 k - a potion of haste {unknown}
 l - a potion of might
 n - a potion of cancellation {unknown}
 p - 3 potions of curing {unknown}
 q - 3 potions of heal wounds
 u - 4 potions of brilliance {unknown}


   Skills:
 + Level 3.8 Fighting
 + Level 4.3 Dodging
 - Level 0.2 Stealth
 + Level 5.3 Unarmed Combat
 - Level 4.0 Spellcasting
 + Level 4.4 Transmutations


You had 8 spell levels left.
You knew the following spells:

 Your Spells              Type           Power      Damage    Failure   Level
a - Beastly Appendage     Tmut           32%        N/A       3%          1
b - Wereblood             Tmut           16%        N/A       4%          2
c - Sting                 Tmut/Pois      36%        1d4       8%          1
d - Spider Form           Tmut/Pois      9%         N/A       22%         3

Your spell library contained the following spells:

 Spells                   Type           Power      Damage    Failure   Level
 Lesser Beckoning         Tloc           6%         N/A       26%         2
 Poisonous Vapours        Pois/Air       6%         N/A       26%         2
 Gell's Gravitas          Tloc           3%         N/A       47%         3
 Teleport Other           Tloc           3%         N/A       47%         3
 Vhi's Electric Charge    Tloc/Air       6%         N/A       47%         3
 Ice Form                 Ice/Tmut       9%         N/A       58%         4
 Olgreb's Toxic Radiance  Pois           3%         N/A       87%         4
 Arcjolt                  Conj/Air       1%         1d11      99%         5
 Maxwell's Capacitive Co  Air            1%         ∞         100%        8


Dungeon Overview and Level Annotations

Branches:
Dungeon (6/15)              Sewer (visited)
 Temple: D:4-7

Altars:
Fedhas
Hepliaklqana
Okawaru
Trog
Wu Jian
The Shining One

Shops:
D:1 [*:!*   D:3 [

Annotations:
D:4 2 transporters, promet's ghost, novice DESu


Innate Abilities, Weirdness & Mutations

One of your tentacles has grown a beastly spike.
You cannot wear most types of armour.
You are amphibious.
You can wear up to eight rings at the same time.
Your skin changes colour to match your surroundings (Stealth+).
Your rubbery body absorbs attacks. (AC +1, EV +1)
((You are camouflaged when in or above water. (Stealth+)))
You have tentacles for arms and can constrict up to eight enemies at once.
Your body sometimes deteriorates upon taking damage.
You are resistant to electric shocks. (rElec)
You have hidden genetic potential.


Message History

Confirm with . or Enter, or press ? or * to list all spells.
You miscast Wereblood.
You are very lightly contaminated with residual magic.
Nothing appears to happen.
Casting: Wereblood (safe; 4% risk of failure)
Confirm with . or Enter, or press ? or * to list all spells.
One of your tentacles grows a vicious spike.
The ice beast barely misses you.
You barely miss the ice beast. You squeeze the ice beast!
The ice beast is moderately wounded.
You tentacle-slap the ice beast.
You pierce the ice beast.
The ice beast is heavily wounded.
The ice beast hits you. The ice beast freezes you!
You closely miss the ice beast.
Your tentacle spike misses the ice beast.
Your tentacle-slap misses the ice beast.
The ice beast is heavily wounded.
The ice beast hits you. The ice beast freezes you.
You tentacle-slap the ice beast.
You pierce the ice beast, but do no damage.
The ice beast is heavily wounded.
The ice beast hits you. The ice beast freezes you!
You closely miss the ice beast.
You pierce the ice beast, but do no damage.
The ice beast is heavily wounded.
The ice beast misses you.
You barely miss the ice beast.
Your tentacle spike misses the ice beast.
Your squeeze misses the ice beast.
The ice beast is heavily wounded.
The ice beast hits you. The ice beast freezes you!
* * * LOW HITPOINT WARNING * * *
Your magical contamination has completely faded away.
Casting: Beastly Appendage (safe; 3% risk of failure)
Confirm with . or Enter, or press ? or * to list all spells.
Your blood is infused with primal strength.
The ice beast hits you.
* * * LOW HITPOINT WARNING * * *
The ice beast freezes you!
You die...

#.. .. #..# #...# .
#...#. #....# .
....#.####
##.....#...........#
#.......#.#.#.#....#
#....#.......#....#
#...#.Y#....##....####.
#..#..@....##.....)....
#......#..###.....###..
#........##.........#..
#####..######.....#....
#.###.###..#.####.. #.#
#..##..#.# ...
#.###..##..#<# #...
#......##..#.##....
#..###.##..#.......


You could see an ice beast.

Vanquished Creatures
  An ice beast (D:5)
  An ogre (D:6)
  2 kobold brigands (Sewer)
  A phantom (D:4)
  A scorpion (D:6)
  2 hounds (D:5)
  A jelly (D:5)
  A gnoll bouda (D:5)
  A sleepcap (D:4)
  An iguana (D:5)
  Natasha (thrice) (D:2)
  5 gnolls (D:5)
  8 adders
  A river rat (Sewer)
  A white imp (D:5)
  3 worms (Sewer)
  4 dart slugs
  7 orcs
  14 ball pythons
  10 endoplasms
  5 giant cockroaches
  6 goblins
  4 hobgoblins
  A quokka (D:1)
  6 bats
  7 frilled lizards
  15 kobolds
  10 rats
122 creatures vanquished.

Vanquished Creatures (others)
  7 plants (D:6)
7 creatures vanquished.

Grand Total: 129 creatures vanquished

Notes
Turn   | Place    | Note
-------+----------+-------------------------------------------
     0 | D:1      | fozzywoppz the Octopode Transmuter began the quest for the
                  | Orb.
     0 | D:1      | Reached XP level 1. HP: 13/13 MP: 3/3
    18 | D:1      | Found Camupli's General Store.
   110 | D:1      | Found Rericudin's Book Emporium.
   324 | D:1      | Found Adghoc's Armour Shop.
   417 | D:1      | Reached XP level 2. HP: 14/18 MP: 5/5
   434 | D:1      | Learned a level 2 spell: Wereblood
   714 | D:1      | Found Jit Nudd's Distillery.
   723 | D:1      | Bought a potion of heal wounds for 60 gold pieces
   927 | D:1      | Found Lole's General Store.
  1139 | D:2      | Reached XP level 3. HP: 23/23 MP: 4/6
  1344 | D:2      | Noticed Natasha
  1353 | D:2      | Killed Natasha
  1503 | D:2      | Reached XP level 4. HP: 28/28 MP: 5/7
  1801 | D:2      | Noticed Natasha
  1815 | D:2      | Killed Natasha
  1861 | D:2      | Noticed Natasha
  1875 | D:2      | Killed Natasha
  1876 | D:2      | Reached XP level 5. HP: 23/34 MP: 4/8
  1989 | D:2      | Reached skill level 4 in Unarmed Combat
  2165 | D:3      | Learned a level 1 spell: Sting
  2621 | D:3      | Found Xearghas's Antique Armour Emporium.
  3176 | D:4      | Found a transporter.
  3180 | D:4      | Noticed promet's ghost (novice DESu)
  3263 | D:4      | Found a transporter.
  3320 | D:4      | Noticed a phantom
  3333 | D:4      | Killed a phantom
  3334 | D:4      | Reached XP level 6. HP: 11/40 MP: 7/10
  3691 | D:5      | Entered Level 5 of the Dungeon
  3694 | D:5      | Noticed an ice beast
  3710 | D:5      | Killed an ice beast
  3711 | D:5      | HP: 3/61 [acid (5)]
  3839 | D:5      | Reached XP level 7. HP: 24/45 MP: 10/12
  3841 | D:5      | Found a glowing drain.
  3878 | Sewer    | Entered a sewer
  4526 | Sewer    | Learned a level 3 spell: Spider Form
  4722 | D:5      | Found a hazy altar of Hepliaklqana.
  4723 | D:5      | Found a glowing golden altar of the Shining One.
  4803 | D:5      | Reached skill level 5 in Unarmed Combat
  4955 | D:5      | Found a blossoming altar of Fedhas.
  5156 | D:5      | Found a bloodstained altar of Trog.
  5156 | D:5      | Found an iron altar of Okawaru.
  5366 | D:5      | Found an ornate altar of the Wu Jian Council.
  5509 | D:1      | Bought a potion of mutation for 96 gold pieces
  5509 | D:1      | Bought a potion of might for 48 gold pieces
  5509 | D:1      | Gained mutation: You are resistant to electric shocks.
                  | (rElec) [potion of mutation]
  5509 | D:1      | Gained mutation: Your body sometimes deteriorates upon
                  | taking damage. [potion of mutation]
  5509 | D:1      | Gained mutation: You have hidden genetic potential. [potion
                  | of mutation]
  5666 | D:6      | Reached XP level 8. HP: 53/53 MP: 10/14
  5736 | D:6      | Slain by an ice beast

Illustrated notes

Levels and vault maps discovered:
D:1:      noname_arrival_rooms_in_the_neighbourhood, layout_basic, serial_shops,
          nicolae_shop_behind_doors, nicolae_lakefront_shop, shop, shop,
          nicolae_diamond_shop, minmay_surrounded
D:2:      layout_basic, minmay_puff, uniq_natasha
D:3:      layout_loops_ring, serial_shops, shop, kennysheep_generic_room_2
D:4:      layout_basic, gammafunk_ghost_mausoleum
D:5:      layout_rooms, grunt_temple_overflow_bloody_war,
          nzn_wu_jian_council_hall, mainiacjoe_overflow_alcove_2,
          nicolae_overflow_two_pavilions, gup_sewer_entry_glass, nicolae_titane
D:6:      nicolae_cairo_tiling, layout_rooms, kennysheep_mini,
          mainiacjoe_overflow_surrounded_room,
          minmay_temple_entry_statues_fountains, chequers_big_river,
          hangedman_decor_opposing, uniq_edmund

Skill      XL: |  1  2  3  4  5  6  7 |
---------------+----------------------+-----
Unarmed Combat | 4 5 |  5.3
Fighting       | 2 3 |  3.8
Transmutations | 3 4 |  4.4
Dodging        | 3 4 |  4.3
Spellcasting   | 3 4 |  4.0
Stealth        | |  0.2

Action                     |  1- 3 |  4- 6 |  7- 9 || total
---------------------------+-------+-------+-------++-------
  Melee: Unarmed           |    60 |   105 |   104 ||   269
         Constrict         |    16 |    23 |    27 ||    66
         Kick              |    16 |    37 |    44 ||    97
         Tentacles         |     6 |    19 |    19 ||    44
         Punch             |     2 |     3 |     2 ||     7
   Cast: Beastly Appendage |    22 |    32 |    21 ||    75
         Wereblood         |     3 |     4 |     6 ||    13
         Sting             |       |     3 |     1 ||     4
  Evoke: Wand              |       |       |     2 ||     2
    Use: Scroll            |     1 |     8 |     2 ||    11
         Potion            |       |     4 |     1 ||     5
   Stab: Sleeping          |     2 |     1 |     7 ||    10
 Armour: Skin              |     4 |    16 |     2 ||    22
  Dodge: Dodged            |    34 |    61 |    49 ||   144

Table legend: (Time is in decaauts)
 A = Elapsed time spent in this place.
 B = Non-inter-level travel time spent in this place.
 C = Inter-level travel time spent in this place.
 D = Time resting spent in this place.
 E = Time spent auto-exploring this place.
 F = Levels seen in this place.
 G = Mean time per level.
                   A        B        C        D        E       F      G
               +--------+--------+--------+--------+--------+-----+--------+
         Total |   5728 |   5280 |    448 |     20 |   3665 |   7 |  818.3 |
       Dungeon |   4966 |   4518 |    448 |     20 |   3204 |   6 |  827.7 |
         Sewer |    761 |    761 |      0 |      0 |    461 |   1 |  761.0 |
               +--------+--------+--------+--------+--------+-----+--------+

Top non-repeatable levels by time:
     D:2: 1150 daAuts
     D:1: 1108 daAuts
     D:5: 960 daAuts
     D:4: 833 daAuts
     D:3: 833 daAuts
   Sewer: 761 daAuts
     D:6: 80 daAuts
